Edmonton Oilers vs Hartford Whalers
Created - Friday, May 5, 2023 at 07:03
Goals
|
| Edmonton Oilers |
0 |
0 |
2 |
2 |
| Hartford Whalers |
0 |
2 |
3 |
5 |
|
Shots
|
| Edmonton Oilers |
9 |
9 |
15 |
33 |
| Hartford Whalers |
10 |
17 |
17 |
44 |
|
1st period
No Goal
Penalties :
No Penalty
2nd period
1. Hartford Whalers , Kevin Labanc 8 (Michael Raffl 3, Alec Martinez 9) at 9:18
2. Hartford Whalers , Alexis Lafreniere 8 (Torey Krug 13) at 16:03
Penalties :
Marcus Foligno (HFD) for Hooking (Minor) at 17:41
3rd period
3. Edmonton Oilers , Jamie Benn 18 (Damon Severson 11, Mikael Backlund 10) at 1:00
4. Hartford Whalers , Casey Cizikas 4 (Paul Byron 5, Alexis Lafreniere 10) at 1:19
5. Edmonton Oilers , Brock Boeser 10 (Jakub Voracek 11, Ryan Getzlaf 19) at 7:11 (PP)
6. Hartford Whalers , Marcus Foligno 17 (Taylor Hall 30, Alec Martinez 10) at 11:17
7. Hartford Whalers , Alexis Lafreniere 9 (Paul Byron 6, Jaccob Slavin 12) at 17:09
Penalties :
Torey Krug (HFD) for Tripping (Minor) at 6:35
Goalie Stats
Juuse Saros (EDM), 39 saves from 44 shots - (0.886), L, 16-11-0, 60:00 minutes
Anton Forsberg (HFD), 31 saves from 33 shots - (0.939), W, 12-8-2, 60:00 minutes
Players Stats for Edmonton Oilers
Player Name G A P +/- PIM S H SB GA TA FO MP PP MP PK MP
------------------------------------------------------------------------------------
Adrian Kempe 0 0 0 -1 0 4 3 0 0 1 0/1 19:43 1:17 0:00
Alex Iafallo 0 0 0 -2 0 1 0 0 3 0 1/1 12:29 0:00 0:00
Anthony Duclair 0 0 0 -1 0 1 2 0 1 0 0/0 20:19 1:53 0:00
Boone Jenner 0 0 0 -1 0 1 3 0 0 1 13/23 20:02 1:03 0:00
Brandon Carlo 0 0 0 -2 0 4 0 0 0 1 0/0 18:10 0:00 0:00
Brett Pesce 0 0 0 0 0 2 1 1 0 0 0/0 25:59 0:00 0:00
Brock Boeser 1 0 1 -2 0 6 2 0 1 0 1/1 13:47 1:18 0:00
Cam Atkinson 0 0 0 -1 0 4 1 2 0 0 0/1 19:41 0:42 0:00
Damon Severson 0 1 1 0 0 0 2 3 0 1 0/0 23:58 1:53 0:00
Duncan Keith 0 0 0 -2 0 1 2 1 0 0 0/0 18:10 0:00 0:00
Erik Johnson 0 0 0 -2 0 0 0 1 0 2 0/0 17:10 0:00 0:00
Evan Bouchard 0 0 0 -2 0 2 3 0 0 1 0/0 13:39 0:42 0:00
Jakub Voracek 0 1 1 0 0 1 0 0 0 0 0/0 8:49 1:18 0:00
Jamie Benn 1 0 1 -1 0 1 2 2 3 0 0/0 20:28 1:10 0:00
Mikael Backlund 0 1 1 -2 0 3 1 1 0 0 2/4 12:29 0:00 0:00
Paul Stastny 0 0 0 0 0 0 0 0 1 0 0/0 8:11 0:21 0:00
Ryan Getzlaf 0 1 1 -1 0 2 0 0 0 0 11/23 19:25 1:18 0:00
Sean Kuraly 0 0 0 0 0 0 0 0 0 0 1/5 7:31 0:00 0:00
Players Stats for Hartford Whalers
Player Name G A P +/- PIM S H SB GA TA FO MP PP MP PK MP
------------------------------------------------------------------------------------
Alec Martinez 0 2 2 1 0 2 1 2 0 1 0/0 23:11 0:00 1:31
Alexander Wennberg 0 0 0 0 0 1 0 0 0 3 6/16 16:37 0:00 0:00
Alexis Lafreniere 2 1 3 3 0 9 2 0 2 0 1/1 15:14 0:00 0:03
Anthony Mantha 0 0 0 0 0 3 1 0 2 0 0/0 16:37 0:00 0:00
Brett Howden 0 0 0 1 0 4 0 0 0 0 0/0 10:07 0:00 1:11
Casey Cizikas 1 0 1 3 0 3 4 0 0 0 9/15 16:11 0:00 1:21
Haydn Fleury 0 0 0 1 0 3 0 1 0 1 0/0 20:26 0:00 0:10
Jaccob Slavin 0 1 1 1 0 3 2 1 0 0 0/0 23:03 0:00 1:13
Josh Anderson 0 0 0 0 0 1 2 0 0 1 1/1 16:37 0:00 0:00
Joshua Norris 0 0 0 0 0 6 1 0 0 1 8/17 17:07 0:00 0:00
Kevin Labanc 1 0 1 1 0 1 0 1 0 0 0/0 8:54 0:00 0:03
Marcus Foligno 1 0 1 0 2 3 1 1 0 0 0/0 17:06 0:00 0:00
Michael Raffl 0 1 1 1 0 1 2 0 0 0 2/5 10:12 0:00 1:21
Paul Byron 0 2 2 3 0 3 1 1 0 0 2/2 16:01 0:00 1:11
Taylor Hall 0 1 1 0 0 1 1 0 1 0 1/2 17:07 0:00 0:00
Thomas Chabot 0 0 0 0 0 0 0 0 0 0 0/0 8:08 0:00 0:00
Torey Krug 0 1 1 3 2 0 3 4 2 2 0/0 28:01 0:00 0:54
Trevor van Riemsdyk 0 0 0 2 0 0 1 2 0 0 0/0 16:44 0:00 1:22
3 Stars
1 - Alexis Lafreniere (HFD)
2 - Casey Cizikas (HFD)
3 - Paul Byron (HFD)
Power Play
Edmonton Oilers - 1 on 2 Attempt(s) - 50.00%
Hartford Whalers - 0 on 0 Attempt(s) - 0.00%
Penalty Kill
Edmonton Oilers - 0 on 0 Attempt(s) - 0.00%
- Score 0 goal in Penalty Kill
Hartford Whalers - 1 on 2 Attempt(s) - 50.00%
- Score 0 goal in Penalty Kill
Team Stat
Edmonton Oilers - Hits : 22 - Faceoff Wins : 29 - Blocked Shots : 11 - Penalty Minutes : 0
Hartford Whalers - Hits : 22 - Faceoff Wins : 30 - Blocked Shots : 13 - Penalty Minutes : 4
Official
Referees : Ghislain Hebert and Francis Charron
Linesman : Tim Nowak and Brian Murphy
Game Notes
Thomas Chabot is injured at 2:29 of 2nd period (Right Hand)
Finance
Level 1 -- Attendance: 4921 (49.21%) -- Ticket Income $492,100
Level 2 -- Attendance: 3792 (75.84%) -- Ticket Income $227,520
Level 3 -- Attendance: 2327 (77.57%) -- Ticket Income $81,445
Level 4 -- Attendance: 3885 (77.70%) -- Ticket Income $97,125
Luxury Box -- Attendance: 808 (80.80%) -- Ticket Income $161,600
Game was played at the Hartford Civic Center.
Total Attendance: 15733 (65.55%)
Total Ticket Income: $1,059,790
Other Income: $370,926
Total Income: $1,430,716
Edmonton Oilers
5 vs 5 Forward
Center Left Wing Right Wing Time % Phy DF OF
1 Boone Jenner Jamie Benn Cam Atkinson 35 0 2 3
2 Ryan Getzlaf Anthony Duclair Adrian Kempe 34 0 2 3
3 Mikael Backlund Alex Iafallo Brock Boeser 21 0 2 3
4 Sean Kuraly Paul Stastny Jakub Voracek 10 1 2 2
5 vs 5 Defense
Defense Defense Time % Phy DF OF
1 Damon Severson Brett Pesce 35 0 3 2
2 Duncan Keith Brandon Carlo 31 0 4 1
3 Erik Johnson Evan Bouchard 22 1 2 2
4 Erik Johnson Brett Pesce 12 1 4 0
PowerPlay Forward
Center Left Wing Right Wing Time % Phy DF OF
1 Boone Jenner Jamie Benn Adrian Kempe 60 0 0 5
2 Ryan Getzlaf Jakub Voracek Brock Boeser 40 0 0 5
PowerPlay Defense
Defense Defense Time % Phy DF OF
1 Damon Severson Anthony Duclair 60 0 1 4
2 Evan Bouchard Cam Atkinson 40 0 1 4
Penalty Kill 4 Players Forward
Center Wing Time % Phy DF OF
1 Boone Jenner Sean Kuraly 50 1 4 0
2 Mikael Backlund Alex Iafallo 50 1 4 0
Penalty Kill 4 Players Defense
Defense Defense Time % Phy DF OF
1 Erik Johnson Brett Pesce 60 1 4 0
2 Damon Severson Brandon Carlo 40 1 4 0
Penalty Kill - 3 Players Forward
Forward Time % Phy DF OF
1 Boone Jenner 50 0 5 0
2 Mikael Backlund 50 0 5 0
Penalty Kill - 3 Players Defense
Defense Defense Time % Phy DF OF
1 Erik Johnson Brett Pesce 50 1 4 0
2 Damon Severson Brandon Carlo 50 1 4 0
4 vs 4 Forward
Center Wing Time % Phy DF OF
1 Jamie Benn Adrian Kempe 57 0 2 3
2 Mikael Backlund Anthony Duclair 43 0 2 3
4 vs 4 Defense
Defense Defense Time % Phy DF OF
1 Damon Severson Brett Pesce 56 0 3 2
2 Evan Bouchard Brandon Carlo 44 0 2 3
Last Minutes Offensive
Center Left Wing Right Wing Defense Defense
Boone Jenner Jamie Benn Adrian Kempe Damon Severson Evan Bouchard
Last Minutes Defensive
Center Left Wing Right Wing Defense Defense
Boone Jenner Sean Kuraly Mikael Backlund Erik Johnson Brett Pesce
Goaltenders
Starting : Juuse Saros
Backup : Matt Murray
Extra Forwards
Normal : Adrian Kempe, Brock Boeser, Paul Stastny - PP : Jakub Voracek, Paul Stastny - PK : Cam Atkinson
Extra Defensemen
Normal : Duncan Keith, Evan Bouchard, Damon Severson - PP : Duncan Keith - PK : Damon Severson, Duncan Keith
Penalty Shots
Boone Jenner, Anthony Duclair, Adrian Kempe, Cam Atkinson, Jakub Voracek
Hartford Whalers
5 vs 5 Forward
Center Left Wing Right Wing Time % Phy DF OF
1 Joshua Norris Taylor Hall Marcus Foligno 30 1 2 2
2 Alexander Wennberg Josh Anderson Anthony Mantha 30 1 2 2
3 Casey Cizikas Alexis Lafreniere Paul Byron 25 1 2 2
4 Michael Raffl Kevin Labanc Brett Howden 15 1 2 2
5 vs 5 Defense
Defense Defense Time % Phy DF OF
1 Jaccob Slavin Thomas Chabot 35 1 2 2
2 Torey Krug Trevor van Riemsdyk 35 1 2 2
3 Alec Martinez Haydn Fleury 30 1 2 2
4 Jaccob Slavin Thomas Chabot 0 1 2 2
PowerPlay Forward
Center Left Wing Right Wing Time % Phy DF OF
1 Joshua Norris Taylor Hall Marcus Foligno 50 1 2 2
2 Alexander Wennberg Anthony Mantha Josh Anderson 50 1 2 2
PowerPlay Defense
Defense Defense Time % Phy DF OF
1 Jaccob Slavin Thomas Chabot 50 1 2 2
2 Torey Krug Trevor van Riemsdyk 50 1 2 2
Penalty Kill 4 Players Forward
Center Wing Time % Phy DF OF
1 Casey Cizikas Michael Raffl 50 1 2 2
2 Paul Byron Brett Howden 50 1 2 2
Penalty Kill 4 Players Defense
Defense Defense Time % Phy DF OF
1 Thomas Chabot Jaccob Slavin 50 1 2 2
2 Trevor van Riemsdyk Torey Krug 50 1 2 2
Penalty Kill - 3 Players Forward
Forward Time % Phy DF OF
1 Casey Cizikas 50 1 2 2
2 Michael Raffl 50 1 2 2
Penalty Kill - 3 Players Defense
Defense Defense Time % Phy DF OF
1 Thomas Chabot Jaccob Slavin 50 1 2 2
2 Haydn Fleury Alec Martinez 50 1 2 2
4 vs 4 Forward
Center Wing Time % Phy DF OF
1 Taylor Hall Joshua Norris 50 1 2 2
2 Marcus Foligno Michael Raffl 50 1 2 2
4 vs 4 Defense
Defense Defense Time % Phy DF OF
1 Jaccob Slavin Thomas Chabot 50 1 2 2
2 Alec Martinez Haydn Fleury 50 1 2 2
Last Minutes Offensive
Center Left Wing Right Wing Defense Defense
Joshua Norris Taylor Hall Marcus Foligno Jaccob Slavin Thomas Chabot
Last Minutes Defensive
Center Left Wing Right Wing Defense Defense
Casey Cizikas Michael Raffl Paul Byron Jaccob Slavin Thomas Chabot
Goaltenders
Starting : Anton Forsberg
Backup : Logan Thompson
Extra Forwards
Normal : Brett Howden, Joshua Norris, Taylor Hall - PP : Marcus Foligno, Alexander Wennberg - PK : Kevin Labanc
Extra Defensemen
Normal : Thomas Chabot, Jaccob Slavin, Torey Krug - PP : Thomas Chabot - PK : Alec Martinez, Jaccob Slavin
Penalty Shots
Brett Howden, Joshua Norris, Taylor Hall, Marcus Foligno, Alexander Wennberg
% Time on Ice - Edmonton Oilers
Lines # - Real PCT - Wanted PCT - Time Play
Normal Forward
1 - 34% - 35% - 19:18
2 - 32% - 34% - 18:07
3 - 22% - 21% - 12:29
4 - 13% - 10% - 7:31
Normal Defense
1 - 36% - 35% - 20:35
2 - 32% - 31% - 18:10
3 - 23% - 22% - 12:57
4 - 10% - 12% - 5:43
PP Forward
1 - 50% - 60% - 1:17
2 - 50% - 40% - 1:18
PP Defense
1 - 73% - 60% - 1:53
2 - 27% - 40% - 0:42
PK Forward
1 - 0% - 50%
2 - 0% - 50%
PK Defense
1 - 0% - 60%
2 - 0% - 40%
PK3 Forward
1 - 0% - 50%
2 - 0% - 50%
PK3 Defense
1 - 0% - 50%
2 - 0% - 50%
44 Forward
1 - 0% - 57%
2 - 0% - 43%
44 Defense
1 - 0% - 56%
2 - 0% - 44%
Last Minute Offensive - 0:00
Last Minute Defensive - 0:00
Total
Forward - 60:00
Defense - 60:00
|
% Time on Ice - Hartford Whalers
Lines # - Real PCT - Wanted PCT - Time Play
Normal Forward
1 - 30% - 30% - 17:07
2 - 29% - 30% - 16:37
3 - 26% - 25% - 14:50
4 - 15% - 15% - 8:51
Normal Defense
1 - 37% - 35% - 21:09
2 - 26% - 35% - 15:12
3 - 35% - 30% - 20:07
4 - 2% - 0% - 0:57
PP Forward
1 - 0% - 50%
2 - 0% - 50%
PP Defense
1 - 0% - 50%
2 - 0% - 50%
PK Forward
1 - 52% - 50% - 1:21
2 - 48% - 50% - 1:14
PK Defense
1 - 54% - 50% - 1:23
2 - 46% - 50% - 1:12
PK3 Forward
1 - 0% - 50%
2 - 0% - 50%
PK3 Defense
1 - 0% - 50%
2 - 0% - 50%
44 Forward
1 - 0% - 50%
2 - 0% - 50%
44 Defense
1 - 0% - 50%
2 - 0% - 50%
Last Minute Offensive - 0:00
Last Minute Defensive - 0:00
Total
Forward - 60:00
Defense - 60:00
|
Play-by-Play
1st period
0:01 of 1st period - Boone Jenner wins face-off versus Joshua Norris in neutral zone.
0:16 of 1st period - Snap shot by Cam Atkinson.
0:16 of 1st period - Shot Misses the Net.
0:26 of 1st period - Anthony Mantha is hit by Adrian Kempe and loses puck.
0:47 of 1st period - Duncan Keith is hit by Alexis Lafreniere and loses puck.
1:52 of 1st period - Snap shot by Anthony Duclair.
1:52 of 1st period - Shot Hit the Post.
1:54 of 1st period - Slapshot by Duncan Keith.
1:54 of 1st period - Stopped by Anton Forsberg without a rebound.
1:55 of 1st period - Casey Cizikas wins face-off versus Sean Kuraly in Hartford Whalers zone.
2:02 of 1st period - Snap shot by Paul Byron.
2:02 of 1st period - Stopped by Juuse Saros without a rebound.
2:03 of 1st period - Alexis Lafreniere wins face-off versus Sean Kuraly in Edmonton Oilers zone.
3:19 of 1st period - Slapshot by Torey Krug.
3:19 of 1st period - Deflect By Kevin Labanc.
3:19 of 1st period - Shot Misses the Net.
3:19 of 1st period - Puck is out of play.
3:20 of 1st period - Mikael Backlund wins face-off versus Michael Raffl in Edmonton Oilers zone.
3:20 of 1st period - Mikael Backlund is hit by Michael Raffl.
4:11 of 1st period - Alec Martinez is hit by Anthony Duclair and loses puck.
5:35 of 1st period - Wrist shot by Alexis Lafreniere.
5:35 of 1st period - Shot Misses the Net.
5:37 of 1st period - Slapshot by Paul Byron.
5:37 of 1st period - Stopped by Juuse Saros with a rebound.
5:47 of 1st period - Wrist shot by Jakub Voracek.
5:47 of 1st period - Stopped by Anton Forsberg without a rebound.
5:48 of 1st period - Joshua Norris wins face-off versus Sean Kuraly in Hartford Whalers zone.
6:13 of 1st period - Trevor van Riemsdyk is hit by Evan Bouchard.
6:33 of 1st period - Casey Cizikas is hit by Boone Jenner and loses puck.
6:57 of 1st period - Wrist shot by Alex Iafallo.
6:57 of 1st period - Shot Misses the Net.
6:59 of 1st period - Slapshot by Brett Pesce.
6:59 of 1st period - Stopped by Anton Forsberg with a rebound.
7:01 of 1st period - Snap shot by Brett Pesce.
7:01 of 1st period - Shot Blocked by Jaccob Slavin.
7:22 of 1st period - Snap shot by Adrian Kempe.
7:22 of 1st period - Stopped by Anton Forsberg without a rebound.
7:23 of 1st period - Boone Jenner wins face-off versus Alexander Wennberg in Hartford Whalers zone.
7:36 of 1st period - Snap shot by Boone Jenner.
7:36 of 1st period - Shot Misses the Net.
7:52 of 1st period - Slapshot by Alexis Lafreniere.
7:52 of 1st period - Stopped by Juuse Saros without a rebound.
7:53 of 1st period - Casey Cizikas wins face-off versus Ryan Getzlaf in Edmonton Oilers zone.
7:56 of 1st period - Wrist shot by Alexis Lafreniere.
7:56 of 1st period - Deflect By Casey Cizikas.
7:56 of 1st period - Stopped by Juuse Saros with a rebound.
8:18 of 1st period - Jaccob Slavin is hit by Jamie Benn and loses puck.
8:39 of 1st period - Brandon Carlo is hit by Josh Anderson and loses puck.
8:50 of 1st period - Snap shot by Anthony Mantha.
8:50 of 1st period - Stopped by Juuse Saros with a rebound.
9:50 of 1st period - Snap shot by Cam Atkinson.
9:50 of 1st period - Shot Blocked by Marcus Foligno.
9:52 of 1st period - Slapshot by Brandon Carlo.
9:52 of 1st period - Stopped by Anton Forsberg with a rebound.
10:50 of 1st period - Snap shot by Jamie Benn.
10:50 of 1st period - Shot Blocked by Haydn Fleury.
11:14 of 1st period - Alec Martinez is hit by Brock Boeser and loses puck.
11:21 of 1st period - Josh Anderson is hit by Mikael Backlund and loses puck.
11:34 of 1st period - Wrist shot by Brock Boeser.
11:34 of 1st period - Shot Blocked by Kevin Labanc.
12:46 of 1st period - Wrist shot by Anthony Duclair.
12:46 of 1st period - Stopped by Anton Forsberg with a rebound.
13:10 of 1st period - Backhand shot by Brock Boeser.
13:10 of 1st period - Stopped by Anton Forsberg with a rebound.
13:12 of 1st period - Wrist shot by Mikael Backlund.
13:12 of 1st period - Shot Blocked by Trevor van Riemsdyk.
13:22 of 1st period - Paul Byron is hit by Jamie Benn and loses puck.
13:58 of 1st period - Duncan Keith is hit by Casey Cizikas and loses puck.
14:15 of 1st period - Snap shot by Alexis Lafreniere.
14:15 of 1st period - Stopped by Juuse Saros with a rebound.
14:23 of 1st period - Casey Cizikas is hit by Duncan Keith and loses puck.
14:43 of 1st period - Wrist shot by Alexis Lafreniere.
14:43 of 1st period - Stopped by Juuse Saros without a rebound.
14:44 of 1st period - Ryan Getzlaf wins face-off versus Taylor Hall in Edmonton Oilers zone.
14:49 of 1st period - Snap shot by Taylor Hall.
14:49 of 1st period - Shot Misses the Net.
14:57 of 1st period - Marcus Foligno is hit by Adrian Kempe and loses puck.
16:05 of 1st period - Snap shot by Anthony Mantha.
16:05 of 1st period - Stopped by Juuse Saros with a rebound.
16:07 of 1st period - Slapshot by Trevor van Riemsdyk.
16:07 of 1st period - Shot Misses the Net.
16:09 of 1st period - Snap shot by Torey Krug.
16:09 of 1st period - Shot Misses the Net.
16:11 of 1st period - Wrist shot by Alexander Wennberg.
16:11 of 1st period - Shot Blocked by Duncan Keith.
17:21 of 1st period - Snap shot by Brock Boeser.
17:21 of 1st period - Stopped by Anton Forsberg without a rebound.
17:22 of 1st period - Mikael Backlund wins face-off versus Michael Raffl in Hartford Whalers zone.
17:25 of 1st period - Snap shot by Mikael Backlund.
17:25 of 1st period - Shot Misses the Net.
17:33 of 1st period - Snap shot by Thomas Chabot.
17:33 of 1st period - Shot Blocked by Damon Severson.
17:43 of 1st period - Josh Anderson is hit by Adrian Kempe and loses puck.
17:56 of 1st period - Wrist shot by Adrian Kempe.
17:56 of 1st period - Stopped by Anton Forsberg without a rebound.
17:57 of 1st period - Joshua Norris wins face-off versus Boone Jenner in Hartford Whalers zone.
18:04 of 1st period - Snap shot by Joshua Norris.
18:04 of 1st period - Stopped by Juuse Saros with a rebound.
18:34 of 1st period - Slapshot by Taylor Hall.
18:34 of 1st period - Shot Blocked by Damon Severson.
18:53 of 1st period - Slapshot by Joshua Norris.
18:53 of 1st period - Stopped by Juuse Saros without a rebound.
18:54 of 1st period - Boone Jenner wins face-off versus Alexander Wennberg in Edmonton Oilers zone.
19:09 of 1st period - Snap shot by Boone Jenner.
19:09 of 1st period - Shot Misses the Net.
Goals for this period are 0 for Edmonton Oilers vs 0 for Hartford Whalers.
Shots for this period are 9 for Edmonton Oilers vs 10 for Hartford Whalers.
2nd period
0:01 of 2nd period - Alexander Wennberg wins face-off versus Ryan Getzlaf in neutral zone.
0:06 of 2nd period - Snap shot by Alexander Wennberg.
0:06 of 2nd period - Shot Misses the Net.
0:35 of 2nd period - Snap shot by Joshua Norris.
0:35 of 2nd period - Deflect By Marcus Foligno.
0:35 of 2nd period - Stopped by Juuse Saros with a rebound.
0:37 of 2nd period - Snap shot by Marcus Foligno.
0:37 of 2nd period - Shot Blocked by Cam Atkinson.
0:51 of 2nd period - Slapshot by Brett Howden.
0:51 of 2nd period - Stopped by Juuse Saros without a rebound.
0:52 of 2nd period - Michael Raffl wins face-off versus Ryan Getzlaf in Edmonton Oilers zone.
1:48 of 2nd period - Wrist shot by Taylor Hall.
1:48 of 2nd period - Shot Misses the Net.
2:28 of 2nd period - Thomas Chabot is hit by Damon Severson and loses puck.
2:29 of 2nd period - Thomas Chabot from Hartford Whalers is injured at 2:29 of 2nd period (Right Hand).
2:30 of 2nd period - Ryan Getzlaf wins face-off versus Alexander Wennberg in Hartford Whalers zone.
2:57 of 2nd period - Cam Atkinson is hit by Trevor van Riemsdyk and loses puck.
3:08 of 2nd period - Snap shot by Taylor Hall.
3:08 of 2nd period - Shot Misses the Net.
3:22 of 2nd period - Snap shot by Kevin Labanc.
3:22 of 2nd period - Shot Hit the Post.
3:24 of 2nd period - Snap shot by Brett Howden.
3:24 of 2nd period - Stopped by Juuse Saros without a rebound.
3:25 of 2nd period - Michael Raffl wins face-off versus Ryan Getzlaf in Edmonton Oilers zone.
3:40 of 2nd period - Backhand shot by Torey Krug.
3:40 of 2nd period - Shot Misses the Net.
3:50 of 2nd period - Wrist shot by Alexis Lafreniere.
3:50 of 2nd period - Stopped by Juuse Saros with a rebound.
3:56 of 2nd period - Slapshot by Ryan Getzlaf.
3:56 of 2nd period - Shot Blocked by Alec Martinez.
4:08 of 2nd period - Snap shot by Ryan Getzlaf.
4:08 of 2nd period - Stopped by Anton Forsberg without a rebound.
4:09 of 2nd period - Josh Anderson wins face-off versus Boone Jenner in Hartford Whalers zone.
4:36 of 2nd period - Snap shot by Alex Iafallo.
4:36 of 2nd period - Shot Misses the Net.
4:38 of 2nd period - Backhand shot by Brandon Carlo.
4:38 of 2nd period - Shot Blocked by Torey Krug.
4:40 of 2nd period - Slapshot by Alex Iafallo.
4:40 of 2nd period - Shot Misses the Net.
4:42 of 2nd period - Slapshot by Brandon Carlo.
4:42 of 2nd period - Stopped by Anton Forsberg with a rebound.
4:44 of 2nd period - Wrist shot by Brandon Carlo.
4:44 of 2nd period - Stopped by Anton Forsberg without a rebound.
4:45 of 2nd period - Casey Cizikas wins face-off versus Boone Jenner in Hartford Whalers zone.
5:22 of 2nd period - Brett Pesce is hit by Marcus Foligno and loses puck.
5:54 of 2nd period - Snap shot by Kevin Labanc.
5:54 of 2nd period - Shot Hit the Post.
5:56 of 2nd period - Slapshot by Torey Krug.
5:56 of 2nd period - Shot Misses the Net.
6:00 of 2nd period - Slapshot by Brett Howden.
6:00 of 2nd period - Shot Misses the Net.
6:02 of 2nd period - Wrist shot by Brett Howden.
6:02 of 2nd period - Deflect By Michael Raffl.
6:02 of 2nd period - Stopped by Juuse Saros with a rebound.
6:04 of 2nd period - Slapshot by Brett Howden.
6:04 of 2nd period - Stopped by Juuse Saros without a rebound.
6:05 of 2nd period - Joshua Norris wins face-off versus Boone Jenner in Edmonton Oilers zone.
6:24 of 2nd period - Alec Martinez is hit by Boone Jenner and loses puck.
6:46 of 2nd period - Snap shot by Ryan Getzlaf.
6:46 of 2nd period - Shot Misses the Net.
6:56 of 2nd period - Slapshot by Jakub Voracek.
6:56 of 2nd period - Shot Misses the Net.
6:58 of 2nd period - Snap shot by Sean Kuraly.
6:58 of 2nd period - Shot Misses the Net.
7:00 of 2nd period - Slapshot by Evan Bouchard.
7:00 of 2nd period - Deflect By Jaccob Slavin.
7:00 of 2nd period - Stopped by Anton Forsberg without a rebound.
7:01 of 2nd period - Casey Cizikas wins face-off versus Sean Kuraly in Hartford Whalers zone.
7:06 of 2nd period - Wrist shot by Alexis Lafreniere.
7:06 of 2nd period - Shot Misses the Net.
7:30 of 2nd period - Michael Raffl is hit by Duncan Keith and loses puck.
7:48 of 2nd period - Off-side.
7:49 of 2nd period - Boone Jenner wins face-off versus Joshua Norris in neutral zone.
8:05 of 2nd period - Snap shot by Cam Atkinson.
8:05 of 2nd period - Stopped by Anton Forsberg with a rebound.
8:17 of 2nd period - Wrist shot by Ryan Getzlaf.
8:17 of 2nd period - Shot Misses the Net.
8:19 of 2nd period - Slapshot by Anthony Duclair.
8:19 of 2nd period - Deflect By Adrian Kempe.
8:19 of 2nd period - Shot Misses the Net.
8:19 of 2nd period - Puck is out of play.
8:20 of 2nd period - Ryan Getzlaf wins face-off versus Alexander Wennberg in Hartford Whalers zone.
9:05 of 2nd period - Brett Pesce is hit by Jaccob Slavin and loses puck.
9:18 of 2nd period - Slapshot by Kevin Labanc.
9:18 of 2nd period - Goal by Kevin Labanc - Edmonton Oilers : 0 - Hartford Whalers : 1.
9:19 of 2nd period - Joshua Norris wins face-off versus Ryan Getzlaf in neutral zone.
9:24 of 2nd period - Wrist shot by Joshua Norris.
9:24 of 2nd period - Stopped by Juuse Saros with a rebound.
9:26 of 2nd period - Slapshot by Alec Martinez.
9:26 of 2nd period - Deflect By Ryan Getzlaf.
9:26 of 2nd period - Stopped by Juuse Saros without a rebound.
9:27 of 2nd period - Ryan Getzlaf wins face-off versus Joshua Norris in Edmonton Oilers zone.
9:52 of 2nd period - Snap shot by Paul Byron.
9:52 of 2nd period - Deflect By Alexis Lafreniere.
9:52 of 2nd period - Stopped by Juuse Saros without a rebound.
9:53 of 2nd period - Boone Jenner wins face-off versus Casey Cizikas in Edmonton Oilers zone.
10:27 of 2nd period - Wrist shot by Ryan Getzlaf.
10:27 of 2nd period - Shot Blocked by Trevor van Riemsdyk.
10:29 of 2nd period - Slapshot by Brandon Carlo.
10:29 of 2nd period - Stopped by Anton Forsberg without a rebound.
10:30 of 2nd period - Brock Boeser wins face-off versus Joshua Norris in Hartford Whalers zone.
10:35 of 2nd period - Snap shot by Mikael Backlund.
10:35 of 2nd period - Stopped by Anton Forsberg with a rebound.
10:55 of 2nd period - Alec Martinez is hit by Boone Jenner and loses puck.
11:14 of 2nd period - Snap shot by Adrian Kempe.
11:14 of 2nd period - Shot Blocked by Alec Martinez.
11:22 of 2nd period - Snap shot by Adrian Kempe.
11:22 of 2nd period - Stopped by Anton Forsberg without a rebound.
11:23 of 2nd period - Joshua Norris wins face-off versus Ryan Getzlaf in Hartford Whalers zone.
12:15 of 2nd period - Damon Severson is hit by Casey Cizikas and loses puck.
12:56 of 2nd period - Wrist shot by Joshua Norris.
12:56 of 2nd period - Stopped by Juuse Saros with a rebound.
12:58 of 2nd period - Slapshot by Joshua Norris.
12:58 of 2nd period - Stopped by Juuse Saros with a rebound.
13:00 of 2nd period - Slapshot by Trevor van Riemsdyk.
13:00 of 2nd period - Deflect By Joshua Norris.
13:00 of 2nd period - Stopped by Juuse Saros with a rebound.
13:20 of 2nd period - Snap shot by Paul Byron.
13:20 of 2nd period - Stopped by Juuse Saros without a rebound.
13:21 of 2nd period - Boone Jenner wins face-off versus Casey Cizikas in Edmonton Oilers zone.
13:30 of 2nd period - Slapshot by Cam Atkinson.
13:30 of 2nd period - Stopped by Anton Forsberg without a rebound.
13:31 of 2nd period - Alexander Wennberg wins face-off versus Boone Jenner in Hartford Whalers zone.
14:59 of 2nd period - Icing by Kevin Labanc.
15:00 of 2nd period - Sean Kuraly wins face-off versus Alexander Wennberg in Hartford Whalers zone.
15:01 of 2nd period - Slapshot by Jakub Voracek.
15:01 of 2nd period - Shot Misses the Net.
15:10 of 2nd period - Off-side.
15:11 of 2nd period - Joshua Norris wins face-off versus Boone Jenner in neutral zone.
15:28 of 2nd period - Slapshot by Cam Atkinson.
15:28 of 2nd period - Shot Misses the Net.
16:03 of 2nd period - Slapshot by Alexis Lafreniere.
16:03 of 2nd period - Goal by Alexis Lafreniere - Edmonton Oilers : 0 - Hartford Whalers : 2.
16:04 of 2nd period - Ryan Getzlaf wins face-off versus Alexander Wennberg in neutral zone.
16:08 of 2nd period - Icing by Josh Anderson.
16:09 of 2nd period - Ryan Getzlaf wins face-off versus Alexander Wennberg in Hartford Whalers zone.
16:24 of 2nd period - Wrist shot by Ryan Getzlaf.
16:24 of 2nd period - Shot Misses the Net.
16:30 of 2nd period - Jaccob Slavin is hit by Damon Severson and loses puck.
16:41 of 2nd period - Snap shot by Jaccob Slavin.
16:41 of 2nd period - Stopped by Juuse Saros with a rebound.
16:43 of 2nd period - Slapshot by Jaccob Slavin.
16:43 of 2nd period - Stopped by Juuse Saros without a rebound.
16:44 of 2nd period - Boone Jenner wins face-off versus Joshua Norris in Edmonton Oilers zone.
16:50 of 2nd period - Icing by Alec Martinez.
16:51 of 2nd period - Joshua Norris wins face-off versus Cam Atkinson in Hartford Whalers zone.
17:31 of 2nd period - Alec Martinez is hit by Cam Atkinson and loses puck.
17:41 of 2nd period - Minor Penalty to Marcus Foligno for Hooking.
17:42 of 2nd period - Casey Cizikas wins face-off versus Ryan Getzlaf in Hartford Whalers zone.
17:54 of 2nd period - Wrist shot by Ryan Getzlaf.
17:54 of 2nd period - Shot Misses the Net.
19:41 of 2nd period - Penalty to Marcus Foligno is over, Marcus Foligno is back on ice.
19:49 of 2nd period - Adrian Kempe is hit by Josh Anderson and loses puck.
Goals for this period are 0 for Edmonton Oilers vs 2 for Hartford Whalers.
Shots for this period are 9 for Edmonton Oilers vs 17 for Hartford Whalers.
3rd period
0:01 of 3rd period - Paul Byron wins face-off versus Ryan Getzlaf in neutral zone.
0:10 of 3rd period - Snap shot by Adrian Kempe.
0:10 of 3rd period - Stopped by Anton Forsberg without a rebound.
0:11 of 3rd period - Casey Cizikas wins face-off versus Ryan Getzlaf in Hartford Whalers zone.
0:20 of 3rd period - Slapshot by Torey Krug.
0:20 of 3rd period - Shot Misses the Net.
0:22 of 3rd period - Slapshot by Trevor van Riemsdyk.
0:22 of 3rd period - Shot Blocked by Damon Severson.
0:24 of 3rd period - Slapshot by Casey Cizikas.
0:24 of 3rd period - Shot Misses the Net.
0:26 of 3rd period - Slapshot by Torey Krug.
0:26 of 3rd period - Shot Hit the Post.
0:36 of 3rd period - Josh Anderson is hit by Brock Boeser.
1:00 of 3rd period - Slapshot by Jamie Benn.
1:00 of 3rd period - Goal by Jamie Benn - Edmonton Oilers : 1 - Hartford Whalers : 2.
1:01 of 3rd period - Casey Cizikas wins face-off versus Ryan Getzlaf in neutral zone.
1:09 of 3rd period - Snap shot by Alexis Lafreniere.
1:09 of 3rd period - Stopped by Juuse Saros without a rebound.
1:10 of 3rd period - Casey Cizikas wins face-off versus Ryan Getzlaf in Edmonton Oilers zone.
1:15 of 3rd period - Slapshot by Paul Byron.
1:15 of 3rd period - Shot Misses the Net.
1:17 of 3rd period - Snap shot by Paul Byron.
1:17 of 3rd period - Shot Misses the Net.
1:19 of 3rd period - Wrist shot by Paul Byron.
1:19 of 3rd period - Deflect By Casey Cizikas.
1:19 of 3rd period - Goal by Casey Cizikas - Edmonton Oilers : 1 - Hartford Whalers : 3.
1:20 of 3rd period - Joshua Norris wins face-off versus Boone Jenner in neutral zone.
1:53 of 3rd period - Snap shot by Ryan Getzlaf.
1:53 of 3rd period - Stopped by Anton Forsberg without a rebound.
1:54 of 3rd period - Alexander Wennberg wins face-off versus Mikael Backlund in Hartford Whalers zone.
2:01 of 3rd period - Slapshot by Torey Krug.
2:01 of 3rd period - Shot Misses the Net.
2:09 of 3rd period - Wrist shot by Anthony Mantha.
2:09 of 3rd period - Stopped by Juuse Saros without a rebound.
2:10 of 3rd period - Taylor Hall wins face-off versus Ryan Getzlaf in Edmonton Oilers zone.
2:52 of 3rd period - Icing by Joshua Norris.
2:53 of 3rd period - Boone Jenner wins face-off versus Joshua Norris in Hartford Whalers zone.
3:20 of 3rd period - Brett Pesce is hit by Alec Martinez.
3:44 of 3rd period - Snap shot by Anthony Mantha.
3:44 of 3rd period - Shot Misses the Net.
3:46 of 3rd period - Snap shot by Haydn Fleury.
3:46 of 3rd period - Stopped by Juuse Saros with a rebound.
4:26 of 3rd period - Cam Atkinson is hit by Michael Raffl.
4:32 of 3rd period - Snap shot by Jamie Benn.
4:32 of 3rd period - Shot Misses the Net.
4:57 of 3rd period - Ryan Getzlaf is hit by Jaccob Slavin and loses puck.
5:08 of 3rd period - Jaccob Slavin is hit by Evan Bouchard and loses puck.
5:17 of 3rd period - Slapshot by Brock Boeser.
5:17 of 3rd period - Shot Misses the Net.
5:19 of 3rd period - Slapshot by Evan Bouchard.
5:19 of 3rd period - Stopped by Anton Forsberg without a rebound.
5:20 of 3rd period - Boone Jenner wins face-off versus Alexander Wennberg in Hartford Whalers zone.
5:21 of 3rd period - Slapshot by Cam Atkinson.
5:21 of 3rd period - Stopped by Anton Forsberg without a rebound.
5:22 of 3rd period - Alexander Wennberg wins face-off versus Boone Jenner in Hartford Whalers zone.
5:27 of 3rd period - Boone Jenner is hit by Torey Krug and loses puck.
5:34 of 3rd period - Snap shot by Anthony Mantha.
5:34 of 3rd period - Shot Blocked by Jamie Benn.
5:49 of 3rd period - Snap shot by Damon Severson.
5:49 of 3rd period - Deflect By Boone Jenner.
5:49 of 3rd period - Stopped by Anton Forsberg with a rebound.
5:57 of 3rd period - Wrist shot by Alexander Wennberg.
5:57 of 3rd period - Shot Misses the Net.
5:59 of 3rd period - Snap shot by Anthony Mantha.
5:59 of 3rd period - Shot Misses the Net.
6:05 of 3rd period - Wrist shot by Alexander Wennberg.
6:05 of 3rd period - Stopped by Juuse Saros without a rebound.
6:06 of 3rd period - Ryan Getzlaf wins face-off versus Casey Cizikas in Edmonton Oilers zone.
6:11 of 3rd period - Slapshot by Duncan Keith.
6:11 of 3rd period - Deflect By Ryan Getzlaf.
6:11 of 3rd period - Shot Misses the Net.
6:11 of 3rd period - Puck is out of play.
6:12 of 3rd period - Paul Byron wins face-off versus Adrian Kempe in Hartford Whalers zone.
6:35 of 3rd period - Minor Penalty to Torey Krug for Tripping.
6:36 of 3rd period - Casey Cizikas wins face-off versus Boone Jenner in Hartford Whalers zone.
6:47 of 3rd period - Wrist shot by Michael Raffl.
6:47 of 3rd period - Shot Misses the Net.
6:53 of 3rd period - Snap shot by Jamie Benn.
6:53 of 3rd period - Shot Misses the Net.
7:11 of 3rd period - Snap shot by Brock Boeser.
7:11 of 3rd period - Goal by Brock Boeser - Edmonton Oilers : 2 - Hartford Whalers : 3.
7:12 of 3rd period - Ryan Getzlaf wins face-off versus Casey Cizikas in neutral zone.
7:49 of 3rd period - Off-side.
7:50 of 3rd period - Alexander Wennberg wins face-off versus Mikael Backlund in neutral zone.
8:00 of 3rd period - Brock Boeser is hit by Torey Krug and loses puck.
8:17 of 3rd period - Brandon Carlo is hit by Alexis Lafreniere and loses puck.
8:24 of 3rd period - Snap shot by Alexis Lafreniere.
8:24 of 3rd period - Stopped by Juuse Saros with a rebound.
8:26 of 3rd period - Snap shot by Jaccob Slavin.
8:26 of 3rd period - Shot Blocked by Brett Pesce.
8:28 of 3rd period - Snap shot by Casey Cizikas.
8:28 of 3rd period - Stopped by Juuse Saros without a rebound.
8:29 of 3rd period - Boone Jenner wins face-off versus Joshua Norris in Edmonton Oilers zone.
8:40 of 3rd period - Wrist shot by Taylor Hall.
8:40 of 3rd period - Stopped by Juuse Saros without a rebound.
8:41 of 3rd period - Alexander Wennberg wins face-off versus Boone Jenner in Edmonton Oilers zone.
8:42 of 3rd period - Snap shot by Anthony Mantha.
8:42 of 3rd period - Shot Misses the Net.
8:44 of 3rd period - Snap shot by Jaccob Slavin.
8:44 of 3rd period - Shot Blocked by Jamie Benn.
8:54 of 3rd period - Slapshot by Josh Anderson.
8:54 of 3rd period - Shot Misses the Net.
8:56 of 3rd period - Wrist shot by Josh Anderson.
8:56 of 3rd period - Shot Misses the Net.
9:06 of 3rd period - Paul Byron is hit by Anthony Duclair and loses puck.
9:31 of 3rd period - Snap shot by Mikael Backlund.
9:31 of 3rd period - Stopped by Anton Forsberg with a rebound.
9:47 of 3rd period - Wrist shot by Josh Anderson.
9:47 of 3rd period - Stopped by Juuse Saros with a rebound.
9:49 of 3rd period - Slapshot by Jaccob Slavin.
9:49 of 3rd period - Deflect By Brock Boeser.
9:49 of 3rd period - Stopped by Juuse Saros with a rebound.
9:51 of 3rd period - Snap shot by Anthony Mantha.
9:51 of 3rd period - Shot Blocked by Mikael Backlund.
10:20 of 3rd period - Slapshot by Alex Iafallo.
10:20 of 3rd period - Shot Misses the Net.
10:22 of 3rd period - Snap shot by Brock Boeser.
10:22 of 3rd period - Stopped by Anton Forsberg with a rebound.
10:24 of 3rd period - Snap shot by Mikael Backlund.
10:24 of 3rd period - Stopped by Anton Forsberg with a rebound.
10:26 of 3rd period - Snap shot by Brock Boeser.
10:26 of 3rd period - Stopped by Anton Forsberg with a rebound.
10:28 of 3rd period - Snap shot by Brock Boeser.
10:28 of 3rd period - Stopped by Anton Forsberg with a rebound.
10:30 of 3rd period - Slapshot by Brett Pesce.
10:30 of 3rd period - Stopped by Anton Forsberg without a rebound.
10:31 of 3rd period - Boone Jenner wins face-off versus Joshua Norris in Hartford Whalers zone.
10:32 of 3rd period - Snap shot by Cam Atkinson.
10:32 of 3rd period - Stopped by Anton Forsberg with a rebound.
10:54 of 3rd period - Cam Atkinson is hit by Joshua Norris and loses puck.
11:13 of 3rd period - Wrist shot by Marcus Foligno.
11:13 of 3rd period - Stopped by Juuse Saros with a rebound.
11:15 of 3rd period - Slapshot by Taylor Hall.
11:15 of 3rd period - Shot Blocked by Erik Johnson.
11:17 of 3rd period - Snap shot by Marcus Foligno.
11:17 of 3rd period - Goal by Marcus Foligno - Edmonton Oilers : 2 - Hartford Whalers : 4.
11:18 of 3rd period - Ryan Getzlaf wins face-off versus Casey Cizikas in neutral zone.
11:51 of 3rd period - Slapshot by Damon Severson.
11:51 of 3rd period - Shot Misses the Net.
11:53 of 3rd period - Snap shot by Brett Pesce.
11:53 of 3rd period - Shot Misses the Net.
11:55 of 3rd period - Snap shot by Alex Iafallo.
11:55 of 3rd period - Stopped by Anton Forsberg without a rebound.
11:56 of 3rd period - Boone Jenner wins face-off versus Casey Cizikas in Hartford Whalers zone.
12:31 of 3rd period - Slapshot by Haydn Fleury.
12:31 of 3rd period - Stopped by Juuse Saros with a rebound.
12:43 of 3rd period - Alex Iafallo is hit by Taylor Hall and loses puck.
13:13 of 3rd period - Snap shot by Brett Howden.
13:13 of 3rd period - Stopped by Juuse Saros with a rebound.
14:51 of 3rd period - Slapshot by Joshua Norris.
14:51 of 3rd period - Shot Misses the Net.
14:53 of 3rd period - Slapshot by Joshua Norris.
14:53 of 3rd period - Shot Misses the Net.
15:13 of 3rd period - Slapshot by Alexis Lafreniere.
15:13 of 3rd period - Shot Misses the Net.
15:15 of 3rd period - Slapshot by Haydn Fleury.
15:15 of 3rd period - Stopped by Juuse Saros without a rebound.
15:16 of 3rd period - Alex Iafallo wins face-off versus Michael Raffl in Edmonton Oilers zone.
15:48 of 3rd period - Slapshot by Cam Atkinson.
15:48 of 3rd period - Shot Blocked by Paul Byron.
15:50 of 3rd period - Slapshot by Cam Atkinson.
15:50 of 3rd period - Shot Blocked by Torey Krug.
15:52 of 3rd period - Slapshot by Damon Severson.
15:52 of 3rd period - Shot Blocked by Torey Krug.
16:12 of 3rd period - Damon Severson is hit by Paul Byron and loses puck.
16:38 of 3rd period - Jaccob Slavin is hit by Evan Bouchard and loses puck.
17:09 of 3rd period - Wrist shot by Alexis Lafreniere.
17:09 of 3rd period - Goal by Alexis Lafreniere - Edmonton Oilers : 2 - Hartford Whalers : 5.
17:10 of 3rd period - Ryan Getzlaf wins face-off versus Alexander Wennberg in neutral zone.
17:15 of 3rd period - Snap shot by Ryan Getzlaf.
17:15 of 3rd period - Deflect By Anthony Mantha.
17:15 of 3rd period - Shot Misses the Net.
17:15 of 3rd period - Puck is out of play.
17:16 of 3rd period - Ryan Getzlaf wins face-off versus Alexander Wennberg in Hartford Whalers zone.
17:45 of 3rd period - Slapshot by Taylor Hall.
17:45 of 3rd period - Shot Blocked by Cam Atkinson.
17:47 of 3rd period - Slapshot by Alec Martinez.
17:47 of 3rd period - Shot Misses the Net.
17:49 of 3rd period - Slapshot by Alec Martinez.
17:49 of 3rd period - Stopped by Juuse Saros without a rebound.
17:50 of 3rd period - Boone Jenner wins face-off versus Joshua Norris in Edmonton Oilers zone.
18:19 of 3rd period - Snap shot by Ryan Getzlaf.
18:19 of 3rd period - Shot Blocked by Torey Krug.
18:37 of 3rd period - Brett Howden is hit by Brett Pesce and loses puck.
18:55 of 3rd period - Alex Iafallo is hit by Casey Cizikas and loses puck.
19:00 of 3rd period - Paul Stastny is hit by Casey Cizikas and loses puck.
19:15 of 3rd period - Brett Pesce is hit by Torey Krug and loses puck.
19:36 of 3rd period - Damon Severson is hit by Anthony Mantha and loses puck.
Goals for this period are 2 for Edmonton Oilers vs 3 for Hartford Whalers.
Shots for this period are 15 for Edmonton Oilers vs 17 for Hartford Whalers.
Back to the Top